 Dungeon Crawl Stone Soup version 0.29-a0-333-gb4c28e87c6 (webtiles) character file.

Game seed: 5360744816416143038

70287 Ijustatesigmund the Thaumaturge (level 14, -15/120 HPs)
             Began as a Deep Elf Fire Elementalist on Apr 8, 2022.
             Was the Champion of Cheibriados.
             Demolished by a naga warrior
             ... wielding a +0 war axe
              (21 damage)
             ... on level 1 of the Snake Pit on Apr 13, 2022.
             The game lasted 02:11:17 (31870 turns).

Ijustatesigmund the Thaumaturge (DEFE)             Turns: 31870, Time: 02:11:19

Health: -15/120    AC: 25    Str: 20    XL:     14   Next: 93%
Magic:  3/33       EV: 17    Int: 41    God:    Cheibriados [******]
Gold:   588        SH: 10    Dex: 30    Spells: 10/40 levels left

rFire   . . .      SeeInvis +   e - +2 rapier "Lorem Ipsum" {protect, rC+ rCorr}
rCold   + . .      Faith    .   b - +2 buckler
rNeg    . . .      Spirit   .   Q - +3 troll leather armour {Snorg}
rPois   +          Reflect  .   f - +0 mask of the Dragon {Will+ Slay+3 SInv}
rElec   .          Harm     .   x - +2 cloak {rPois}
rCorr   +          Rampage  .   k - +2 pair of gloves
Will    ++...                   X - +2 pair of boots
Stlth   ..........              y - amulet of regeneration
HPRegen 1.90/turn               s - ring of wizardry
MPRegen 0.23/turn               c - +4 ring of evasion

@: berserking (expiring), under a protective aura, constricted, very slow
A: no striking features
a: Renounce Religion, Bend Time, Temporal Distortion, Slouch, Step From Time


You were on level 1 of the Snake Pit.
You worshipped Cheibriados.
Cheibriados was exalted by your worship.
You visited 5 branches of the dungeon, and saw 24 of its levels.
You also visited: Ice Cave.

You collected 2014 gold pieces.
You spent 1426 gold pieces at shops.

Inventory:

Hand Weapons
 d - a +2 demon whip of freezing
 e - the +2 rapier "Lorem Ipsum" (weapon) {protect, rC+ rCorr}
   (You found it on level 10 of the Dungeon)

   It grants its wielder temporary protection when it strikes (+7 to AC).
   rC:        It protects you from cold.
   rCorr:     It protects you from acid and corrosion.
 m - a +2 hand crossbow of freezing
 J - a +5 vampiric trident
Missiles
 E - 6 throwing nets
Armour
 a - the +2 robe of the Snake Pit {rN+ Regen+ Int+2}
   (You found it on level 3 of the Dungeon)

   Int:       It affects your intelligence (+2).
   rN:        It protects you from negative energy.
   Regen:     It increases your rate of health regeneration.
 b - a +2 buckler (worn)
 f - the +0 mask of the Dragon (worn) {Will+ Slay+3 SInv}
   (You bought it in a shop on level 5 of the Dungeon)

   Slay:      It affects your accuracy & damage with ranged weapons and melee
   (+3).
   SInv:      It lets you see invisible.
   Will:      It increases your willpower.
 k - a +2 pair of gloves (worn)
 x - a +2 cloak of poison resistance (worn)
 D - +0 fire dragon scales
 K - a +0 kite shield
 Q - a +3 troll leather armour (worn) {Snorg}
 X - a +2 pair of boots (worn)
Jewellery
 c - a +4 ring of evasion (right hand)
 l - a ring of flight
 o - a +4 ring of protection
 s - a ring of wizardry (left hand)
 u - a ring of see invisible
 y - an amulet of regeneration (around neck)
 I - an amulet of reflection
 L - a ring of magical power
 N - a +6 ring of intelligence
 P - a ring of willpower
Wands
 n - a wand of digging (6)
 t - a wand of flame (26)
 B - a wand of paralysis (3)
 F - a wand of polymorph (25)
Scrolls
 i - 3 scrolls of enchant weapon
 q - a scroll of fog
 r - a scroll of magic mapping
 w - a scroll of amnesia
 C - 2 scrolls of blinking
 U - 2 scrolls of identify
Potions
 g - 2 potions of lignification
 h - 5 potions of attraction
 j - 8 potions of curing
 p - a potion of cancellation
 v - a potion of heal wounds
 z - a potion of brilliance
 A - 4 potions of mutation
 G - 2 potions of might
 O - 5 potions of flight
Miscellaneous
 M - a lightning rod (4/4)
 V - a phantom mirror


   Skills:
 - Level 6.0 Fighting
 - Level 3.2 Short Blades
 - Level 7.0 Armour
 - Level 4.9 Dodging
 - Level 2.6 Stealth
 - Level 5.9 Shields
 + Level 13.5 Spellcasting
 - Level 9.5 Conjurations
 - Level 5.8 Translocations
 - Level 9.6 Fire Magic
 - Level 3.3 Ice Magic
 - Level 2.7 Air Magic
 - Level 9.3 Earth Magic
 - Level 3.0 Poison Magic
 - Level 13.0 Invocations
 - Level 5.1 Evocations


You had 10 spell levels left.
You knew the following spells:

 Your Spells              Type           Power      Damage    Failure   Level
a - Foxfire               Conj/Fire      100%       2x1d9     1%          1
b - Scorch                Fire           100%       2d10      1%          2
c - Flame Wave            Conj/Fire      82%        2d14      1%          4
d - Magic Dart            Conj           100%       1d8       1%          1
e - Blink                 Tloc           100%       N/A       1%          2
f - Mephitic Cloud        Conj/Pois/Air  62%        N/A       1%          3
g - Iron Shot             Conj/Erth      40%        9d8       2%          6
h - Hailstorm             Conj/Ice       69%        3d14      1%          4
i - Ignite Poison         Fire/Tmut/Pois 58%        N/A       1%          3
j - Sticky Flame          Conj/Fire      82%        2d9       1%          4

Your spell library contained the following spells:

 Spells                   Type           Power      Damage    Failure   Level
 Freeze                   Ice            100%       1d11      1%          1
 Slow                     Hex            100%       N/A       1%          1
 Summon Small Mammal      Summ           100%       N/A       1%          1
 Call Imp                 Summ           27%        N/A       1%          2
 Corpse Rot               Necr/Air       76%        N/A       1%          2
 Ensorcelled Hibernation  Hex/Ice        82%        N/A       1%          2
 Call Canine Familiar     Summ           27%        N/A       1%          3
 Confusing Touch          Hex            27%        N/A       1%          3
 Conjure Flame            Conj/Fire      82%        6-21      1%          3
 Gell's Gravitas          Tloc           66%        N/A       1%          3
 Inner Flame              Hex/Fire       61%        N/A       1%          3
 Lesser Beckoning         Tloc           66%        N/A       1%          3
 Spider Form              Tmut/Pois      40%        N/A       1%          3
 Summon Guardian Golem    Hex/Summ       27%        N/A       1%          3
 Teleport Other           Tloc           66%        N/A       1%          3
 Tukima's Dance           Hex            27%        N/A       1%          3
 Vampiric Draining        Necr           27%        2d7       1%          3
 Animate Armour           Summ/Erth      100%       N/A       1%          4
 Manifold Assault         Tloc           66%        N/A       1%          5
 Anguish                  Hex/Necr       13%        N/A       7%          4
 Dispel Undead            Necr           27%        3d13      7%          4
 Dispersal                Tloc           33%        N/A       10%         6
 Silence                  Hex/Air        19%        N/A       11%         5
 Blade Hands              Tmut           13%        N/A       19%         5
 Yara's Violent Unravell  Hex/Tmut       13%        3d7       19%         5
 Simulacrum               Ice/Necr       20%        N/A       45%         6
 Death Channel            Necr           13%        N/A       67%         6
 Enfeeble                 Hex            13%        N/A       99%         7


Dungeon Overview and Level Annotations

Branches:
Dungeon (15/15)            Temple (1/1) D:4            Lair (5/6) D:11
 Shoals (0/4) Lair:3        Snake (1/4) Lair:4        Slime (0/5) Lair:5
    Orc (2/2) D:9             Elf (0/3) Orc:2        Vaults (0/5) D:14
  IceCv (visited)
 Depths: D:15

Altars:
Ashenzari
Cheibriados
Dithmenos
Elyvilon
Fedhas
Gozag
Hepliaklqana
Kikubaaqudgha
Makhleb
Nemelex Xobeh
Okawaru
Qazlal
Ru
Sif Muna
Trog
Uskayaw
Vehumet
Wu Jian
Xom
Yredelemnul
Zin
The Shining One
Jiyva

Shops:
D:5 *   D:7 =[[*(   D:8 !   D:10 *   D:13 *   Orc:2 =(*[

Annotations:
Lair:2 dragon
Orc:1 3 runed translucent doors, Olga's ghost, journeyman HOFi


Message History

Cheibriados forces you to slow down.
You feel mighty! You block the naga warrior's attack.
The naga warrior constricts you. The naga warrior blocks your attack.
The naga warrior is moderately wounded.
The naga warrior closely misses you. The naga warrior constricts you.
The naga warrior blocks your attack.
The naga warrior is moderately wounded.
The naga warrior hits you with a +0 war axe!!
The naga warrior constricts you. The naga warrior blocks your attack.
The naga warrior is moderately wounded.
The naga warrior spits poison at you. You block the splash of poison.
The naga warrior constricts you.
The naga warrior hits you with a +0 war axe!!
* * * LOW HITPOINT WARNING * * *
The naga warrior constricts you. The naga warrior blocks your attack.
The naga warrior is moderately wounded.
The naga warrior hits you with a +0 war axe.
* * * LOW HITPOINT WARNING * * *
The naga warrior constricts you.
* * * LOW HITPOINT WARNING * * *
You puncture the naga warrior!
Your weapon exudes an aura of protection.
The naga warrior is heavily wounded.
The naga warrior hits you but does no damage.
The naga warrior constricts you.
You hit the naga warrior.
The naga warrior is heavily wounded.
You block the naga warrior's attack. The naga warrior constricts you.
* * * LOW HITPOINT WARNING * * *
You puncture the naga warrior!
The naga warrior is heavily wounded.
The naga warrior barely misses you. The naga warrior constricts you.
* * * LOW HITPOINT WARNING * * *
You impale the naga warrior!!
The naga warrior is severely wounded.
The naga warrior hits you with a +0 war axe!!
You die...

#.#...#
..#..#.
.......
......)
#..... ##
.##)... .#
......N#.#
#.@.#
##..#
#[...
....##
.....
##..##.
#.## ##
...


You could see a naga warrior.

Vanquished Creatures
  Rupert (D:12)
  An orc warlord (Orc:2)
  A reaper (IceCv)
  Nessos (Lair:4)
  An ettin (Orc:1)
  Snorg (Orc:1)
  A fire dragon (Lair:2)
  Josephine (Lair:4)
  5 boulder beetles
  6 hydras
  5 two-headed ogres
  An anaconda (Snake:1)
  An ogre mage (D:14)
  3 centaur warriors
  3 orc high priests (Orc:2)
  Nergalle (Lair:4)
  An orb spider (shapeshifter) (D:11)
  A deep elf pyromancer (D:14)
  Pikel (D:8)
  A naga ritualist (Snake:1)
  5 orc knights (Orc:2)
  4 orc sorcerers (Orc:2)
  A mana viper (Snake:1)
  2 ugly things
  A salamander (Snake:1)
  2 manticores
  3 cyclopes
  2 torpor snails
  6 black mambas
  2 ice statues (IceCv)
  10 cane toads
  3 unseen horrors
  3 rime drakes
  2 gargoyles
  An anaconda simulacrum (IceCv)
  4 komodo dragons
  6 ice devils (IceCv)
  3 entropy weaver simulacra (IceCv)
  6 trolls
  11 blink frogs
  A tarantella (shapeshifter) (D:15)
  2 shadows
  4 dire elephant simulacra (IceCv)
  6 wraiths
  5 wyverns
  51 yaks
  A steam dragon (D:6)
  Grum (D:8)
  3 basilisks
  8 vampire mosquitoes
  A death yak simulacrum (Lair:4)
  3 nagas
  A warg (Orc:2)
  2 harpy simulacra (IceCv)
  15 water moccasins
  A sky beast (D:5)
  A swamp drake (D:9)
  6 ogres
  41 orc warriors
  A black bear (shapeshifter) (D:13)
  2 ice beasts
  3 black bears
  10 wolves
  5 centaurs
  4 lemures
  2 kobold brigands
  3 gnoll sergeants
  A necrophage (D:5)
  12 bullfrogs
  7 scorpions
  16 killer bees
  2 elephant simulacra
  2 howler monkeys
  A vampire bat (D:10)
  4 jellies
  5 hounds
  29 orc priests
  Crazy Yiuf (D:5)
  Jessica (D:3)
  5 iguanas
  31 orc wizards
  2 hell rats (Lair:4)
  A spriggan simulacrum (IceCv)
  A troll simulacrum (IceCv)
  A polar bear simulacrum (IceCv)
  25 gnolls
  13 adders
  A naga simulacrum (IceCv)
  10 river rats (Lair:4)
  A shadow imp (D:8)
  2 white imps
  3 ufetubi
  4 worms
  4 dart slugs
  112 orcs
  8 endoplasms
  5 giant cockroaches
  5 goblins
  5 hobgoblins
  5 jackals (D:4)
  2 quokkas (D:2)
  9 ball pythons
  13 bats
  21 kobolds
  11 rats
  4 butterflies (Lair:2)
682 creatures vanquished.

Vanquished Creatures (collateral kills)
  A centaur (D:9)
  An adder (D:5)
  2 foxfires
4 creatures vanquished.

Vanquished Creatures (others)
  A yak (D:11)
  A water moccasin (D:11)
  An orc warrior (Orc:2)
  844 foxfires
  79 fungi
  97 plants
1023 creatures vanquished.

Grand Total: 1709 creatures vanquished

Notes
Turn   | Place    | Note
-------+----------+-------------------------------------------
     0 | D:1      | Ijustatesigmund the Deep Elf Fire Elementalist began the
                  | quest for the Orb.
     0 | D:1      | Reached XP level 1. HP: 10/10 MP: 6/6
    48 | D:1      | Found a faded altar of an unknown god.
   543 | D:1      | Reached XP level 2. HP: 15/15 MP: 5/8
   546 | D:1      | Learned a level 2 spell: Scorch
  1265 | D:2      | Reached XP level 3. HP: 19/19 MP: 1/9
  2414 | D:3      | Reached XP level 4. HP: 24/24 MP: 7/11
  2419 | D:3      | Learned a level 4 spell: Flame Wave
  2771 | D:3      | Noticed Jessica
  2776 | D:3      | Killed Jessica
  3013 | D:3      | Reached XP level 5. HP: 17/28 MP: 6/13
  3164 | D:3      | Noticed an ogre
  3231 | D:3      | Killed an ogre
  3232 | D:3      | Reached skill level 5 in Fire Magic
  3239 | D:3      | Reached XP level 6. HP: 23/32 MP: 4/14
  3635 | D:3      | Identified the +2 robe of the Snake Pit {rN+ Regen+ Int+2}
  4137 | D:4      | Found a staircase to the Ecumenical Temple.
  4845 | D:5      | Entered Level 5 of the Dungeon
  4856 | D:5      | Reached skill level 5 in Spellcasting
  4977 | D:5      | Noticed a sky beast
  4978 | D:5      | Reached XP level 7. HP: 36/36 MP: 3/16
  5262 | D:5      | Reached skill level 5 in Conjurations
  5609 | D:5      | Found Pyxuck's Assorted Antiques.
  5617 | D:5      | Bought a glowing black potion for 21 gold pieces
  5617 | D:5      | Bought a scroll labelled VAODAO OLON for 24 gold pieces
  5617 | D:5      | Bought 2 glowing black potions for 43 gold pieces
  5618 | D:5      | Bought a scroll of identify for 48 gold pieces
  6064 | D:5      | Found a runed translucent door.
  6065 | D:5      | Noticed Crazy Yiuf
  6071 | D:5      | Killed Crazy Yiuf
  6072 | D:5      | Reached XP level 8. HP: 41/41 MP: 12/19
  6224 | D:6      | Noticed a cyclops
  6379 | D:6      | You fall into a shaft and drop 1 floor!
  6379 | D:7      | Found Cynycih's General Store.
  6744 | D:7      | Found Role Bif's Antique Armour Shoppe.
  6765 | D:7      | Found Plog's Jewellery Shoppe.
  6818 | D:7      | Found Mexkaj's Weapon Emporium.
  6862 | D:7      | Reached skill level 5 in Fighting
  7146 | D:7      | Bought a potion of heal wounds for 50 gold pieces
  7146 | D:7      | Bought a scroll of identify for 20 gold pieces
  7146 | D:7      | Bought a scroll of teleportation for 30 gold pieces
  7152 | D:7      | Found Xelagem's Antique Armour Shoppe.
  7321 | D:7      | Reached XP level 9. HP: 54/54 MP: 14/20
  7471 | D:8      | Noticed Pikel
  7745 | D:8      | Reached skill level 1 in Short Blades
  7996 | D:8      | Found Noixtiud's Distillery.
  8088 | D:8      | Learned a level 1 spell: Magic Dart
  8091 | D:8      | Learned a level 2 spell: Blink
  8095 | D:8      | Learned a level 3 spell: Mephitic Cloud
  8280 | D:8      | Reached skill level 1 in Translocations
  8286 | D:8      | Reached skill level 1 in Poison Magic
  8300 | D:8      | Noticed Grum
  8306 | D:8      | Reached skill level 1 in Air Magic
  8641 | D:8      | Killed Pikel
  8850 | D:8      | Killed Grum
  8966 | D:8      | Found a shimmering altar of Xom.
  9328 | D:6      | Reached XP level 10. HP: 60/60 MP: 9/23
  9416 | D:6      | Killed a cyclops
 10556 | Temple   | Entered the Ecumenical Temple
 11199 | Temple   | Became a worshipper of Cheibriados the Contemplative
 11477 | D:9      | Reached skill level 1 in Invocations
 11477 | D:9      | Reached skill level 1 in Evocations
 11687 | D:9      | Reached * piety under Cheibriados
 12364 | D:9      | Found a staircase to the Orcish Mines.
 12437 | D:10     | Entered Level 10 of the Dungeon
 12598 | D:10     | Reached ** piety under Cheibriados
 12631 | D:10     | Reached XP level 11. HP: 60/64 MP: 1/26
 12927 | D:10     | Identified the +2 rapier "Lorem Ipsum" {protect, rC+ rCorr}
 13043 | D:10     | Found Xutseif's General Store.
 13268 | D:10     | Reached skill level 5 in Invocations
 13937 | D:11     | Noticed a boulder beetle
 13941 | D:11     | Reached *** piety under Cheibriados
 13958 | D:11     | Killed a boulder beetle
 13961 | D:11     | Noticed a centaur warrior
 13965 | D:11     | Reached skill level 10 in Spellcasting
 13967 | D:11     | Reached skill level 5 in Translocations
 13967 | D:11     | Killed a centaur warrior
 14138 | D:11     | Noticed a boulder beetle
 14155 | D:11     | Killed a boulder beetle
 14541 | D:11     | Noticed an orb spider
 14544 | D:11     | Killed an orb spider
 14674 | D:11     | Found a staircase to the Lair.
 15017 | D:11     | Reached **** piety under Cheibriados
 15105 | D:12     | Noticed a boulder beetle
 15113 | D:12     | Killed a boulder beetle
 15163 | D:12     | Noticed a two-headed ogre
 15172 | D:12     | Killed a two-headed ogre
 15173 | D:12     | Reached XP level 12. HP: 68/68 MP: 9/29
 15594 | D:12     | Got Viosug's Tome of Enchantment
 15792 | D:12     | Noticed a two-headed ogre
 15798 | D:12     | Killed a two-headed ogre
 16009 | D:12     | Noticed Rupert
 16011 | D:12     | Reached skill level 5 in Evocations
 16073 | Lair:1   | Entered Level 1 of the Lair of Beasts
 16118 | Lair:1   | Noticed a seven-headed hydra
 16130 | Lair:1   | Killed a seven-headed hydra
 16196 | Lair:1   | Learned a level 6 spell: Iron Shot
 16216 | Lair:1   | Reached skill level 1 in Earth Magic
 17059 | Lair:2   | Reached ***** piety under Cheibriados
 17383 | Lair:2   | Reached skill level 5 in Earth Magic
 18017 | Lair:2   | Reached skill level 10 in Invocations
 18051 | Lair:2   | Noticed a boulder beetle
 18069 | Lair:2   | Killed a boulder beetle
 18310 | Lair:2   | Got An Early Guide to Hermeneutics
 18331 | Lair:2   | Noticed a fire dragon
 18358 | Lair:3   | Noticed an eight-headed hydra
 18358 | Lair:3   | Found a staircase to the Shoals.
 18359 | Lair:3   | Noticed a four-headed hydra
 18370 | Lair:2   | Killed an eight-headed hydra
 19072 | Lair:3   | Found a shimmering blue altar of Sif Muna.
 19172 | Lair:3   | Reached XP level 13. HP: 73/73 MP: 25/30
 19586 | Lair:4   | Found a staircase to the Snake Pit.
 19631 | Lair:4   | Found a frozen archway.
 19666 | IceCv    | Entered an ice cave
 20665 | IceCv    | Reached skill level 1 in Shields
 20989 | IceCv    | Noticed a reaper
 20998 | IceCv    | Killed a reaper
 21015 | IceCv    | Got the Compendium of the Snowflakes
 21025 | IceCv    | Learned a level 4 spell: Hailstorm
 21121 | Lair:4   | Identified the +0 robe of Cowardice {rElec rF+ Dex-4}
 21134 | Lair:4   | Noticed Nessos
 21140 | Lair:4   | Killed Nessos
 21141 | Lair:4   | Reached skill level 1 in Ice Magic
 21451 | D:5      | Bought the +0 mask of the Dragon {Will+ Slay+3 SInv} for
                  | 801 gold pieces
 21451 | D:5      | Found the +0 mask of the Dragon {Will+ Slay+3 SInv}
 21644 | Lair:4   | Noticed Nergalle
 21646 | Lair:4   | Killed Nergalle
 21884 | Lair:4   | Noticed Josephine
 21891 | Lair:4   | Killed Josephine
 22483 | Lair:5   | Found a viscous altar of Jiyva.
 22483 | Lair:5   | Found a staircase to the Slime Pits.
 22838 | Lair:5   | Reached ****** piety under Cheibriados
 24100 | Lair:2   | Killed a fire dragon
 24468 | Orc:1    | Entered Level 1 of the Orcish Mines
 24477 | Orc:1    | Reached XP level 14. HP: 78/80 MP: 20/32
 24491 | D:9      | Reached skill level 1 in Armour
 24743 | Orc:1    | Found a runed translucent gate.
 24744 | Orc:1    | Noticed Olga's ghost (journeyman HOFi)
 24744 | Orc:1    | Found a runed translucent gate.
 24746 | Orc:1    | Found a runed translucent gate.
 24823 | Orc:1    | Noticed Snorg
 24832 | Orc:1    | Killed Snorg
 25139 | Orc:2    | Entered Level 2 of the Orcish Mines
 26129 | Orc:2    | Found a staircase to the Elven Halls.
 27203 | Orc:2    | Noticed an orc warlord
 27236 | Orc:2    | Reached skill level 5 in Armour
 27538 | Orc:2    | Killed an orc warlord
 27691 | Orc:2    | Found Ustraq's Antique Armour Emporium.
 27692 | Orc:2    | Found Uguu's Antique Weapon Emporium.
 27694 | Orc:2    | Found Arexkeb's General Store.
 27694 | Orc:2    | Found Cocra's Jewellery Shoppe.
 27711 | Orc:2    | Bought a buckler for 94 gold pieces
 28019 | D:12     | Killed Rupert
 28318 | D:13     | Learned a level 3 spell: Ignite Poison
 28323 | D:13     | Learned a level 4 spell: Sticky Flame
 28643 | D:7      | Bought a pair of runed gloves for 135 gold pieces
 28645 | D:7      | Upgraded the game from 0.29-a0-322-g68df515428 to
                  | 0.29-a0-333-gb4c28e87c6
 28912 | D:13     | Found Bifohowa's Assorted Antiques.
 28921 | D:13     | Bought an encrusted onyx ring for 160 gold pieces
 29602 | D:14     | Reached skill level 5 in Shields
 30651 | D:14     | Found a gate to the Vaults.
 31051 | D:15     | Entered Level 15 of the Dungeon
 31244 | Snake:1  | Entered Level 1 of the Snake Pit
 31869 | Snake:1  | HP: 4/120 [constriction (6)]
 31870 | Snake:1  | Demolished by a naga warrior

Illustrated notes

Levels and vault maps discovered:
D:1:      dpeg_arrival_water_temple_mockup, layout_basic,
          dreamdust_ecumenical_altar_grove
D:2:      layout_loops_ring, serial_bayou_lake_a
D:3:      layout_basic, minivault_27, minmay_divided_ellipse, uniq_jessica
D:4:      layout_loops_cross, temple_fountains, cheibrodos_sewer_entry_bend
D:5:      layout_rooms, serial_shops, shop_statue, minmay_increasing_density,
          uniq_crazy_yiuf_cottage
D:6:      layout_basic, chequers_mini_garden, nicolae_benzene_ring, kb_rosetta
D:7:      layout_basic, serial_shops, nicolae_shop_advertising_works
          [nicolae_subvault_shop_adworks], shop_coins, shop,
          nicolae_shop_crystal, shop
D:8:      layout_loops_ring, tgw_xom, serial_shops, shop, uniq_pikel, uniq_grum
D:9:      layout_cross, erik_orc_1
D:10:     layout_stronghold, serial_shops, nicolae_lakefront_shop, minivault_11,
          roderic_batcave, feat_on_display
D:11:     layout_loops_ring, due_lair_maze_entry_diamond, st_stairs_4
D:12:     layout_loops_cross, special_room [special_room_orc],
          grunt_decor_arrowhead, st_stairs_4, uniq_rupert
D:13:     layout_roguey, serial_shops, shop
D:14:     layout_loops_ring, david_vaults_2, minmay_misc_feat_diagonals
D:15:     grunt_enter_depths_giant_problem, layout_cave_pools, serial_glass,
          glass_columns_a, glass_columns_a, feat_on_display,
          due_unseen_surprise, minmay_strange_pillars, item_on_display_a,
          pdpol_wu_jian_five_deadly_venoms, nrook_uturn,
          amcnicky_mini_pool_small
Temple:   kilobyte_greek_temple
Lair:1:   layout_big_grid, beast_lair_carwin_9
Lair:2:   dragon1_lemuel, layout_chaotic_city, serial_bayou_lagoon_a,
          lemuel_fruit_fields, lemuel_fruit_fields
Lair:3:   layout_loops_ring, elwin_shoals_entry_rocks, basic_altar
Lair:4:   layout_loops_ring, guppyfry_snake_entry_island,
          gauntlet_entry_generic, portal_ice_cave_entry_ice_simulacra,
          kennysheep_rathole, uniq_nessos, uniq_josephine, uniq_nergalle
Lair:5:   layout_gridlike, dpeg_slime_entry_enclosed_altar
Snake:1:  nicolae_snake_shooting_gallery, layout_cave_shapes, uniq_aizul,
          uniq_donald, uniq_louise
Orc:1:    layout_caves, gammafunk_ghost_split, uniq_snorg
Orc:2:    st_orc_congregation, layout_diamond_mine, minmay_orc_keep

Skill      XL: |  1  2  3  4  5  6  7  8  9 10 11 12 13 14 |
---------------+-------------------------------------------+-----
Conjurations   | 2 3 4 5 6 7 9 |  9.5
Fire Magic     | 4 5 6 7 8 9 |  9.6
Spellcasting   | 4 5 6 7 9 11 12 13 | 13.5
Dodging        | 3 4 |  4.9
Fighting       | 5 6 |  6.0
Short Blades   | 3 |  3.2
Translocations | 2 3 5 |  5.8
Poison Magic   | 2 3 |  3.0
Air Magic      | 2 |  2.7
Invocations    | 4 7 10 13 | 13.0
Evocations     | 4 5 |  5.1
Earth Magic    | 7 9 |  9.3
Shields        | 3 5 |  5.9
Ice Magic      | 3 |  3.3
Armour         | 7 |  7.0
Stealth        | |  2.6

Action                   |  1- 3 |  4- 6 |  7- 9 | 10-12 | 13-15 || total
-------------------------+-------+-------+-------+-------+-------++-------
Melee: Mace              |     1 |       |    24 |       |       ||    25
       Trident           |       |       |       |    20 |       ||    20
       Rapier            |       |       |       |    53 |   175 ||   228
       Punch             |       |       |       |       |     2 ||     2
 Fire: Hand crossbow     |       |       |       |     3 |       ||     3
 Cast: Foxfire           |    71 |    91 |   105 |   159 |    83 ||   509
       Scorch            |     5 |    25 |    60 |   102 |    37 ||   229
       Flame Wave        |       |       |    22 |    80 |    58 ||   160
       Mephitic Cloud    |       |       |       |    12 |     2 ||    14
       Blink             |       |       |       |     7 |     2 ||     9
       Iron Shot         |       |       |       |     1 |   126 ||   127
       Hailstorm         |       |       |       |       |     4 ||     4
Invok: Slouch            |       |       |       |     1 |     7 ||     8
Evoke: Wand              |       |       |     6 |    18 |    37 ||    61
       Lightning rod     |       |       |       |     1 |     3 ||     4
       Phantom mirror    |       |       |       |       |     1 ||     1
  Use: Scroll            |       |     8 |     9 |    11 |    13 ||    41
       Potion            |       |       |     2 |     1 |    13 ||    16
 Stab: Paralysed         |       |       |     6 |    15 |     1 ||    22
       Sleeping          |       |       |       |     4 |     1 ||     5
Armor: Robe              |     3 |    23 |    40 |   123 |    42 ||   231
       Troll leather arm |       |       |       |       |    77 ||    77
       Fire dragon scale |       |       |       |       |     6 ||     6
Dodge: Dodged            |    17 |    46 |   121 |   263 |   371 ||   818
Block: Buckler           |       |       |       |       |    40 ||    40

Table legend: (Time is in decaauts)
 A = Elapsed time spent in this place.
 B = Non-inter-level travel time spent in this place.
 C = Inter-level travel time spent in this place.
 D = Time resting spent in this place.
 E = Time spent auto-exploring this place.
 F = Levels seen in this place.
 G = Mean time per level.
                   A        B        C        D        E       F      G
               +--------+--------+--------+--------+--------+-----+--------+
         Total |  39712 |  36254 |   3458 |  11645 |  18833 |  25 | 1588.5 |
       Dungeon |  22631 |  20350 |   2281 |   5909 |  11407 |  15 | 1508.7 |
        Temple |    684 |    643 |     41 |    421 |    131 |   1 |  684.0 |
          Lair |  10147 |   9275 |    872 |   2795 |   5325 |   5 | 2029.4 |
     Snake Pit |     47 |     47 |      0 |      0 |      0 |   1 |   47.0 |
  Orcish Mines |   4496 |   4234 |    262 |   1484 |   1844 |   2 | 2248.0 |
      Ice Cave |   1705 |   1705 |      0 |   1035 |    125 |   1 | 1705.0 |
               +--------+--------+--------+--------+--------+-----+--------+

Top non-repeatable levels by time:
   Orc:2: 3045 daAuts
  Lair:2: 2832 daAuts
    D:12: 2206 daAuts
    D:11: 2151 daAuts
  Lair:4: 2123 daAuts
  Lair:5: 1983 daAuts
    D:13: 1840 daAuts
    D:10: 1821 daAuts
     D:9: 1768 daAuts
   IceCv: 1705 daAuts
  Lair:3: 1679 daAuts
    D:14: 1675 daAuts
     D:5: 1584 daAuts
     D:8: 1584 daAuts
  Lair:1: 1529 daAuts
